AoeStats
← Macau_Player

MegaRandom

507021241Analyzed
4v4 RM · 15d ago on Sep 16, 2026· 59m 41s· 8 players
Game mode
Random Map
Map size
Large (8 player)
Population
200
Speed
Normal
Resources
Standard
Victory
Conquest
Starting age
Dark Age
Ending age
Imperial Age
RankedLock teamsTeams togetherTeam positionsShared explorationLock speedFull tech treeHidden civsTurbo modeCheats
Victory
Defeat
🇨🇳 Franks · China
1037
+15
🇦🇺 Georgians · Australia
987
+17
🇦🇺 Dravidians · Australia
983
+17
🇦🇺 Spanish · Australia
951
+17
🇩🇪 Mongols · Germany
1040
-18
🇨🇳 Ethiopians · China
1036
-18
🇨🇳 Bohemians · China
966
-15
🇨🇳 Magyars · China
963
-15
JebusLorenzo
8:25 Loom
13:56 Feudal Age
22:14 Castle Age
20:28 Fletching
21:22 Double-Bit Axe
21:20 Horse Collar
22:50 Crossbowman
mr_intox
11:21 Feudal Age
16:51 Castle Age
17:12 Fletching
17:23 Padded Archer Armor
24:25 Loom
26:11 Horse Collar
28:29 Forging
28:26 Scale Barding Armor
29:23 Heavy Plow
31:53 Double-Bit Axe
32:37 Town Watch
33:41 Wheelbarrow
33:56 Husbandry
34:44 Bloodlines
39:09 Imperial Age
38:30 Iron Casting
38:23 Bow Saw
39:01 Chain Barding Armor
38:49 Gold Mining
39:17 Hand Cart
40:57 Blast Furnace
39:40 Capped Ram
41:52 Plate Barding Armor
43:59 Leather Archer Armor
43:39 Bodkin Arrow
44:03 Squires
43:48 Gambesons
43:24 Man-at-Arms
43:49 Arson
44:08 Scale Mail Armor
44:11 Crossbowman
45:32 Long Swordsman
46:12 Elite Skirmisher
47:16 Ballistics
47:56 Chemistry
47:12 Bracer
47:02 Two-Handed Swordsman
49:53 Chain Mail Armor
49:45 Champion
49:53 Siege Ram
52:20 Svan Towers
54:43 Plate Mail Armor
56:56 Coinage
57:03 Conscription
59:08 Treadmill Crane
59:34 Siege Engineers
59:16 Elite Monaspa
richnoob575
15:16 Feudal Age
13:32 Loom
16:14 Fishing Lines
20:13 Castle Age
18:13 Double-Bit Axe
19:49 Horse Collar
21:08 Gillnets
25:03 Bow Saw
26:23 Gold Mining
30:20 Wheelbarrow
37:52 Imperial Age
35:53 Hand Cart
36:02 Town Watch
37:59 Elite Conquistador
39:04 Conscription
39:59 Chemistry
39:16 Clinker Construction
39:36 Town Patrol
44:07 Caravan
56:00 Fervor
56:35 Ballistics
56:39 Masonry
60:11 Two-Man Saw
59:15 Heavy Plow
60:08 Husbandry
60:19 Bloodlines
59:29 Light Cavalry
Pay It Forward
4:12 Loom
14:44 Feudal Age
19:02 Castle Age
17:30 Double-Bit Axe
20:39 Scale Mail Armor
27:40 #83
31:10 Chain Mail Armor
33:15 Wheelbarrow
32:51 Gold Mining
33:37 Bow Saw
34:26 Fervor
34:18 Herbal Medicine
35:19 Hand Cart
35:27 Town Watch
36:05 Forging
39:20 Iron Casting
39:35 Squires
39:21 Arson
39:28 Arson
42:11 Masonry
44:29 Sanctity
45:06 Gold Shaft Mining
47:29 Imperial Age
47:32 Elite Throwing Axeman
49:19 Plate Mail Armor
49:50 Blast Furnace
49:16 Conscription
50:19 Architecture
52:21 Hoardings
56:36 Stone Mining
59:15 Chemistry
58:21 Siege Engineers
Iribaar
6:13 Loom
13:22 Feudal Age
14:39 Double-Bit Axe
18:25 Castle Age
19:19 Bow Saw
19:02 Gold Mining
19:29 Bloodlines
19:19 Husbandry
22:59 Wheelbarrow
24:13 Forging
24:09 Scale Barding Armor
24:30 Town Watch
24:54 Horse Collar
27:07 Chain Barding Armor
29:51 Iron Casting
29:55 Heavy Plow
30:59 Gold Shaft Mining
30:52 Stone Mining
31:55 Fletching
33:23 Stone Shaft Mining
32:45 Bodkin Arrow
34:26 Padded Archer Armor
35:39 Hand Cart
35:18 Light Cavalry
36:48 Leather Archer Armor
35:55 Elite Skirmisher
38:05 Thumb Ring
44:41 Imperial Age
DDDAW
14:03 Feudal Age
20:32 Castle Age
21:04 Stone Mining
21:14 Double-Bit Axe
28:16 Wheelbarrow
28:23 Loom
Macau_Player
7:37 Loom
13:33 Feudal Age
19:57 Castle Age
18:13 Double-Bit Axe
18:09 Horse Collar
21:58 Bow Saw
32:40 Imperial Age
30:56 Wheelbarrow
29:50 Pikeman
30:22 Fletching
30:34 Scale Mail Armor
33:37 Chemistry
32:58 Ballistics
33:48 Forging
35:42 Padded Archer Armor
35:24 Halberdier
37:02 Elite Skirmisher
37:39 Bodkin Arrow
37:59 Leather Archer Armor
38:00 Chain Mail Armor
41:13 Conscription
43:39 Plate Mail Armor
43:10 Bracer
43:45 Iron Casting
43:41 Ring Archer Armor
43:24 Arson
43:40 Squires
43:55 Houfnice
47:49 Blast Furnace
51:43 Two-Man Saw
粮草征收人
5:44 Loom
16:14 Feudal Age
17:22 Double-Bit Axe
22:50 Castle Age
22:29 Gold Mining
22:36 Stone Mining
32:23 Bow Saw
32:56 Husbandry
38:04 Elite Skirmisher
38:42 Fletching
38:52 Padded Archer Armor
44:36 Bodkin Arrow
45:42 Leather Archer Armor
55:49 Imperial Age
53:47 Ballistics
57:04 Parthian Tactics
Connection lost

Rejoining the realm…

Still unreachable

The connection could not be restored.

Session expired

The server has moved on; the page needs a fresh start.